 Dungeon Sprint DCSS version 0.20-a0-9-g62d82d9 (webtiles) character file.

891 packetloss the Cleaver (level 8, -1/39 HPs)
             Began as a Vine Stalker Fighter on Nov 1, 2016.
             Was a High Priest of Uskayaw.
             Slain by a troll (5 damage)
             ... in the Dungeon (Sprint IX: "|||||||||||||||||||||||||||||").
             The game lasted 00:02:27 (392 turns).

packetloss the Cleaver (Vine Stalker Fighter)        Turns: 392, Time: 00:02:27

Health: -1/39      AC:  7    Str: 24    XL:     8   Next: 6%
Magic:  0/9        EV:  7    Int: 11    God:    Uskayaw [*****.]
Gold:   0          SH:  9    Dex: 14    Spells: 0 memorised, 7 levels left

rFire  . . .     SeeInvis .     a - +0 war axe
rCold  . . .     Gourm    .     b - +0 scale mail
rNeg   . . .     Faith    .     c - +0 shield
rPois  .         Spirit   +     (no helmet)
rElec  .         Reflect  .     (no cloak)
rCorr  .         Harm     .     l - +0 pair of gloves
MR     +....     NoTele   +     (no boots)
Stlth  ..........               (no amulet)
                                t - +3 ring of strength
                                s - +3 ring of intelligence

@: no status effects
A: fangs 3, regeneration 1, magic shield, antimagic bite, no device heal 3, rot
immunity
a: Stomp, Line Pass, Grand Finale, Renounce Religion


You were in the Dungeon.
You worshipped Uskayaw.
Uskayaw was noncommittal.
You were near starving.

You visited 1 branch

Inventory:

Hand Weapons
 a - a +0 war axe (weapon)
 q - a +1 broad axe of chopping
   (You found it in the Dungeon)
 r - a +2 rapier of electrocution
   (You found it in the Dungeon)
Armour
 b - a +0 scale mail (worn)
 c - a +0 shield (worn)
 l - a +0 pair of gloves (worn)
   (You found it in the Dungeon)
 u - a +0 plate armour
   (You found it in the Dungeon)
Magical Staves
 o - an uncursed staff of energy {+MP, hungerless spells, !d!a@w1}
   (You found it in the Dungeon)
Jewellery
 s - a +3 ring of intelligence (left hand)
   (You found it in the Dungeon)
 t - a +3 ring of strength (right hand)
   (You found it in the Dungeon)
Wands
 p - a wand of lightning (7/15)
   (You found it in the Dungeon)
Scrolls
 k - 2 scrolls of blinking {!r}
 m - 3 scrolls of remove curse
 n - 2 scrolls of amnesia
Potions
 d - a potion of might
 e - 5 potions of curing
 g - 3 potions of heal wounds
 h - a potion of haste
 i - 4 potions of magic
 j - a potion of invisibility
Comestibles
 f - a bread ration {@e1}
 v - 3 chunks of flesh {@w0}


   Skills:
 - Level 2.6 Fighting
 + Level 14.9 Axes
 - Level 2.4 Armour
 - Level 2.6 Shields


You had 7 spell levels left.
You didn't know any spells.

Dungeon Overview and Level Annotations

Branches:
Dungeon (1/1)

Altars:
Cheibriados
Dithmenos
Elyvilon
Fedhas
Gozag
Hepliaklqana
Kikubaaqudgha
Makhleb
Nemelex Xobeh
Okawaru
Qazlal
Ru
Sif Muna
Trog
Uskayaw
Vehumet
Xom
Yredelemnul
Zin
The Shining One
Beogh
Jiyva
Lugonu


Innate Abilities, Weirdness & Mutations

You have razor-sharp teeth.
Your natural rate of healing is unusually fast.
When hurt, damage is shared between your health and your magic reserves.
Your bite disrupts and absorbs the magic of your enemies.
Potions and wands cannot restore your health.
You are immune to rotting.


Message History

Danger x6: troll, yak, orc warrior, centaur warrior, centaur warrior, deep elf mage!
Unknown command.
Unknown command.
You closely miss the hungry ghost. The hungry ghost hits you.
You are near starving!
Unknown command.
You hit the hungry ghost.
You destroy the hungry ghost!
Your Axes skill increases to level 13!
You have reached level 7!
Danger x6: troll, orc warrior, yak, centaur warrior, centaur warrior, deep elf mage!
Health restored: 35; MP restored: 8 You hit the deep elf mage.
Your bite misses the deep elf mage.
The deep elf mage hits you but does no damage.
Uskayaw will force your foes to helplessly watch your dance.
Uskayaw prepares the audience for your solo!
Danger x6: deep elf mage (paralysed), yak (paralysed), centaur warrior (paralysed), centaur warrior (paralysed), orc warrior (paralysed), troll (paralysed)!
Unknown command.
Danger x6: deep elf mage (paralysed), yak (paralysed), centaur warrior (paralysed), centaur warrior (paralysed), orc warrior (paralysed), troll (paralysed)!
Okay, then.
Danger x6: deep elf mage (paralysed), yak (paralysed), centaur warrior (paralysed), centaur warrior (paralysed), orc warrior (paralysed), troll (paralysed)!
The helpless deep elf mage fails to defend itself.
You slice the deep elf mage!! You bite the deep elf mage.
The deep elf mage's magic leaks into the air.
You drain its magic.
The battlesphere is no longer paralysed.
The deep elf mage is no longer paralysed.
The troll is no longer paralysed.
The centaur warrior is no longer paralysed.
The orc warrior is no longer paralysed.
The yak is no longer paralysed.
You block the deep elf mage's attack.
Danger x6: troll, orc warrior, yak, centaur warrior, centaur warrior, deep elf mage!
Unknown command.
You slash the deep elf mage! Your bite misses the deep elf mage.
Uskayaw will force your foes to share their pain.
Uskayaw links your audience in an emotional bond!
Unknown command.
Unknown command.
Danger x6: troll, orc warrior, yak, centaur warrior, centaur warrior, deep elf mage!
You closely miss the deep elf mage. Your bite misses the deep elf mage.
The deep elf mage hits you with a long sword.
You take 3 damage, and have 32/35 hp.
You now have 7/8 mp.
Unknown command.
Unknown command.
You miss the deep elf mage.
The deep elf mage is no longer sharing its pain.
The troll is no longer sharing its pain.
The centaur warrior is no longer sharing its pain.
The yak is no longer sharing its pain.
The deep elf mage hits you but does no damage.
Danger x6: troll, orc warrior, yak, centaur warrior, centaur warrior, deep elf mage!
Unknown command.
Unknown command.
You closely miss the deep elf mage.
The battlesphere is no longer sharing its pain.
The orc warrior is no longer sharing its pain.
The deep elf mage hits you but does no damage.
Danger x6: troll, orc warrior, yak, centaur warrior, centaur warrior, deep elf mage!
Unknown command.
Unknown command.
You hit the deep elf mage. The deep elf mage barely misses you.
Unknown command.
You slice the deep elf mage!!
You kill the deep elf mage!
Your Axes skill increases to level 14!
You have reached level 8!
You feel stronger.
Your teeth grow very long and razor-sharp.
The battlesphere dissipates.
Danger x5: troll, centaur warrior, centaur warrior, yak, orc warrior!
You regained 4 hp, and now have 38/39 hp.
Unknown command.
The troll bites you! You block the troll's attack. The troll claws you!
There is an open door, spattered with blood here.
You see here a long sword.
You take 12 damage, and have 26/39 hp.
MASSIVE DAMAGE!!
You now have 5/9 mp.
Unknown command.
Danger x5: troll, centaur warrior, centaur warrior, yak, orc warrior!
Your shield and scale mail prevent you from hitting the troll.
You bite the troll, but do no damage.
Unknown command.
You hit the troll. You bite the troll. You drain its power.
You feel invigorated. The troll bites you! The troll claws you.
* * * LOW HITPOINT WARNING * * *
The troll claws you.
* * * LOW HITPOINT WARNING * * *
You can now merge with and destroy a victim.
Danger x5: troll, centaur warrior, centaur warrior, yak, orc warrior!
You take 17 damage, and have 10/39 hp.
MASSIVE DAMAGE!!
You now have 1/9 mp.
You don't have enough magic at the moment.
Unknown command.
You hit the troll but do no damage. Your bite misses the troll.
The troll bites you!
* * * LOW HITPOINT WARNING * * *
The troll claws you.
You die... ▓▓▓▓▓▓▓▓▓▓▓▓▓▓▓▓▓ ..'.†....@TcoY..+ ▓▓▓▓▓▓▓▓▓▓▓▓▓▓▓▓▓

You could see a centaur warrior, a yak, a troll and an orc warrior.

Vanquished Creatures
  A deep elf mage (D)
  A hungry ghost (D)
  An ice beast (D)
  A phantom (D)
  A killer bee (D)
  A crimson imp (D)
  A jelly (D)
  A gnoll shaman (D)
  2 iguanas (D)
  An adder (D)
  An adder skeleton (D)
  A leopard gecko (D)
  A bat zombie (D)
  A hobgoblin (D)
  A goblin (D)
  2 rats (D)
18 creatures vanquished.

Notes
Turn   | Place    | Note
-------+----------+-------------------------------------------
     0 | D        | packetloss the Vine Stalker Fighter began the quest for the Orb.
     0 | D        | Reached XP level 1. HP: 11/11 MP: 2/2
     9 | D        | Reached skill level 2 in Axes
    16 | D        | Reached skill level 3 in Axes
   129 | D        | Noticed an iguana
   129 | D        | Noticed a gnoll shaman
   129 | D        | Noticed a phantom
   129 | D        | Noticed a crimson imp
   132 | D        | Killed an iguana
   132 | D        | Reached skill level 5 in Axes
   132 | D        | Reached XP level 2. HP: 13/16 MP: 1/3
   132 | D        | Reached XP level 3. HP: 16/19 MP: 1/4
   133 | D        | Reached skill level 7 in Axes
   133 | D        | Gained mutation: Your natural rate of healing is unusually fast. [Vine Stalker growth]
   133 | D        | Reached XP level 4. HP: 19/23 MP: 5/5
   140 | D        | Reached skill level 8 in Axes
   170 | D        | Killed a phantom
   170 | D        | Reached skill level 10 in Axes
   170 | D        | Reached XP level 5. HP: 18/27 MP: 3/6
   200 | D        | Found a roughly hewn altar of Beogh.
   200 | D        | Found a snail-covered altar of Cheibriados.
   200 | D        | Found a shadowy altar of Dithmenos.
   200 | D        | Found a white marble altar of Elyvilon.
   200 | D        | Found a blossoming altar of Fedhas.
   200 | D        | Found an opulent altar of Gozag.
   201 | D        | Found a hazy altar of Hepliaklqana.
   202 | D        | Found a viscous altar of Jiyva.
   203 | D        | Found an ancient bone altar of Kikubaaqudgha.
   204 | D        | Found a corrupted altar of Lugonu.
   205 | D        | Found a burning altar of Makhleb.
   206 | D        | Found a sparkling altar of Nemelex Xobeh.
   207 | D        | Found an iron altar of Okawaru.
   208 | D        | Found a stormy altar of Qazlal.
   209 | D        | Found a sacrificial altar of Ru.
   210 | D        | Found a deep blue altar of Sif Muna.
   211 | D        | Found a bloodstained altar of Trog.
   212 | D        | Found a hide-covered altar of Uskayaw.
   213 | D        | Found a radiant altar of Vehumet.
   214 | D        | Found a shimmering altar of Xom.
   215 | D        | Found a basalt altar of Yredelemnul.
   216 | D        | Found a glowing silver altar of Zin.
   217 | D        | Found a glowing golden altar of the Shining One.
   220 | D        | Became a worshipper of Uskayaw the Reveler
   277 | D        | Noticed an ice beast
   278 | D        | Reached * piety under Uskayaw
   283 | D        | Reached ** piety under Uskayaw
   286 | D        | Reached skill level 11 in Axes
   286 | D        | Reached XP level 6. HP: 32/32 MP: 7/7
   286 | D        | Reached *** piety under Uskayaw
   293 | D        | HP: 8/32 [killer bee (8)]
   294 | D        | Reached **** piety under Uskayaw
   296 | D        | Killed an ice beast
   296 | D        | Reached skill level 12 in Axes
   296 | D        | Reached ***** piety under Uskayaw
   298 | D        | HP: 5/32 [poisoned by a killer bee]
   303 | D        | HP: 5/32 [poisoned by a killer bee]
   310 | D        | HP: 5/32 [poisoned by a killer bee]
   317 | D        | HP: 7/32 [poisoned by a killer bee]
   373 | D        | Noticed a hungry ghost
   373 | D        | Noticed a deep elf mage
   373 | D        | Noticed a troll
   373 | D        | Noticed a centaur warrior
   373 | D        | Noticed an orc warrior
   373 | D        | Noticed a yak
   380 | D        | Killed a hungry ghost
   380 | D        | Reached skill level 13 in Axes
   380 | D        | Reached XP level 7. HP: 35/35 MP: 8/8
   388 | D        | Killed a deep elf mage
   388 | D        | Reached skill level 14 in Axes
   388 | D        | Gained mutation: You have razor-sharp teeth. [Vine Stalker growth]
   388 | D        | Reached XP level 8. HP: 37/39 MP: 7/9
   392 | D        | HP: 4/39 [troll (7)]
   392 | D        | Slain by a troll

Vault maps used:
D:        linesprint

Skill      XL: |  1  2  3  4  5  6  7 |
---------------+----------------------+-----
Axes           | 5 7 10 11 13 14 | 14.9
Fighting       | |  2.6
Armour         | |  2.4
Shields        | |  2.6

Action                   |  1- 3 |  4- 6 |  7- 9 || total
-------------------------+-------+-------+-------++-------
Melee: War axe           |    23 |    51 |    11 ||    85
       Bite              |     5 |     8 |     3 ||    16
Invok: Line Pass         |       |     1 |       ||     1
  Use: Potion            |     1 |       |       ||     1
 Stab: Paralysed         |       |     2 |     1 ||     3
Armor: Scale mail        |    10 |    14 |     3 ||    27
Dodge: Dodged            |     4 |    17 |     1 ||    22
Block: Shield            |     8 |    17 |     2 ||    27

Vault maps used:
D:        linesprint

Table legend:
 A = Turns spent in this place as a percentage of turns spent in the entire game.
 B = Non-inter-level travel turns spent in this place as a percentage of non-inter-level travel turns spent in the entire game.
 C = Inter-level travel turns spent in this place as a percentage of turns spent in this place.
 D = Turns resting spent in this place as a percentage of non-inter-level travel turns spent in this place.
 E = Turns spent auto-exploring this place as a percentage of non-inter-level travel turns spent in this place.
 F = Non-inter-level travel turns spent in this place divided by the number of levels of this place that you've seen.
                   A       B       C       D       E      F
               +-------+-------+-------+-------+-------+----------------------
         Total | 100.0 | 100.0 |   0.0 |   3.3 |   0.0 | 269.0
       Dungeon | 100.0 | 100.0 |   0.0 |   3.3 |   0.0 | 269.0
               +-------+-------+-------+-------+-------+----------------------

Table legend:
 A = Kills in this place as a percentage of kills in entire the game.
 B = Kills by you in this place as a percentage of kills by you in the entire game.
 C = Kills by friends in this place as a percentage of kills by friends in the entire game.
 D = Other kills in this place as a percentage of other kills in the entire game.
 E = Experience gained in this place as a percentage of experience gained in the entire game.
 F = Experience gained in this place divided by the number of levels of this place that you have seen.
                   A       B       C       D       E      F
               +-------+-------+-------+-------+-------+----------------------
         Total | 100.0 | 100.0 |  -nan | 100.0 | 100.0 | 1273.0
       Dungeon | 100.0 | 100.0 |  -nan | 100.0 | 100.0 | 1273.0
               +-------+-------+-------+-------+-------+----------------------
